 Dungeon Crawl Stone Soup version 0.27.1-3-gb3d3a73c9e (webtiles) character file.

Game seed: 14035686831060487093

55 Descartes the Magician (level 3, 0/20 HPs)
             Began as a Deep Elf Wanderer on Oct 12, 2021.
             Slain by a worm (11 damage)
             ... on level 2 of the Dungeon.
             The game lasted 00:05:49 (2415 turns).

Descartes the Magician (Deep Elf Wanderer)          Turns: 2415, Time: 00:05:50

Health: 0/20       AC:  2    Str: 11    XL:     3   Next: 67%
Magic:  9/11       EV: 11    Int: 15    God:
Gold:   65         SH:  0    Dex: 14    Spells: 10/12 levels left

rFire    . . .     SeeInvis .   a - +0 quarterstaff
rCold    . . .     Faith    .   (shield currently unavailable)
rNeg     . . .     Spirit   .   b - +0 robe
rPois    .         Reflect  .   (no helmet)
rElec    .         Harm     .   (no cloak)
rCorr    .         Rampage  .   (no gloves)
Will     .....                  (no boots)
Stlth    +.........             (no amulet)
HPRegen  0.06/turn              (no ring)
MPRegen  0.12/turn              (no ring)

@: no status effects
A: no striking features
a: no special abilities


You were on level 2 of the Dungeon.
You visited 1 branch of the dungeon, and saw 2 of its levels.

You collected 65 gold pieces.

Inventory:

Hand Weapons
 a - a +0 quarterstaff (weapon)
Missiles
 d - 41 stones (quivered)
Armour
 b - a +0 robe (worn)
Jewellery
 e - a ring of wizardry
 g - an amulet of reflection
Scrolls
 h - a scroll of blinking {unknown}
 j - a scroll of fog {unknown}
Potions
 c - 3 potions of lignification {unknown}
 f - a potion of curing {unknown}
 i - a potion of flight {unknown}


   Skills:
 - Level 1.0 Fighting
 - Level 2.0 Staves
 - Level 1.0 Throwing
 - Level 5.0 Spellcasting
 + Level 2.1 Ice Magic
 + Level 3.2 Poison Magic
 - Level 1.1 Evocations


You had 10 spell levels left.
You knew the following spells:

 Your Spells              Type           Power      Damage    Failure   Level
a - Sting                 Tmut/Pois      32%        1d4       9%          1
b - Freeze                Ice            40%        1d6       7%          1

Your spell library contained the following spells:

 Spells                   Type           Power      Damage    Failure   Level
 Poisonous Vapours        Pois/Air       16%        N/A       13%         2
 Beastly Appendage        Tmut           6%         N/A       16%         1
 Frozen Ramparts          Ice            20%        1d4       21%         3
 Wereblood                Tmut           3%         N/A       24%         2
 Spider Form              Tmut/Pois      4%         N/A       26%         3
 Mephitic Cloud           Conj/Pois/Air  7%         N/A       30%         3
 Olgreb's Toxic Radiance  Pois           13%        N/A       38%         4


Dungeon Overview and Level Annotations

Branches:
Dungeon (2/15)

Altars:


Message History

The quokka closely misses you.
Casting: Freeze (safe; 7% risk of failure)
Confirm with . or Enter, or press ? or * to list all spells.
Aiming: Freeze (safe; 7% risk of failure)
Press: ? - help, Shift-Dir - straight line, f/p - quokka
Aim: a quokka (heavily wounded)
You freeze the quokka.
You kill the quokka!
You now have 65 gold pieces (gained 4).
Found a stone staircase leading down.
j - a scroll labelled QATULA IDAMP A worm comes into view.
A worm is nearby!
Casting: Freeze (safe; 7% risk of failure)
Confirm with . or Enter, or press ? or * to list all spells.
You can't see any susceptible monsters within range! (Use Z to cast anyway.) Unknown command.
Casting: Freeze (safe; 7% risk of failure)
Confirm with . or Enter, or press ? or * to list all spells.
Aiming: Sting (safe; 9% risk of failure)
Press: ? - help, Shift-Dir - straight line, f - worm
Aim: a worm (89% to hit)
The sting hits the worm.
The worm is poisoned.
The worm is moderately wounded.
Casting: Sting (safe; 9% risk of failure)
Confirm with . or Enter, or press ? or * to list all spells.
You can't see any susceptible monsters within range! (Use Z to cast anyway.) Unknown command.
The worm bites you!
Unknown command.
Casting: Sting (safe; 9% risk of failure)
Confirm with . or Enter, or press ? or * to list all spells.
Aiming: Freeze (safe; 7% risk of failure)
Press: ? - help, Shift-Dir - straight line, f/p - worm
Aim: a worm (moderately wounded, poisoned)
You freeze the worm.
The worm is moderately wounded.
The worm bites you!
Ouch! That really hurt!
You die...

#........####......#
.# #.........#
....... .#
#.........# .......
..
#.........##...####
#................
#..............##
.........#$..#.#
.........#..## ..
........@##>#
.......w# .#
...####.# .# ... ...
.. . ... # .....
..... ......#


You could see a worm (poisoned).

Vanquished Creatures
  3 dart slugs
  3 endoplasms
  2 giant cockroaches
  3 goblins (D:1)
  4 hobgoblins
  7 jackals (D:1)
  4 quokkas
  A ball python (D:2)
  4 bats (D:1)
  5 frilled lizards (D:1)
  5 kobolds
  3 rats (D:1)
44 creatures vanquished.

Notes
Turn   | Place    | Note
-------+----------+-------------------------------------------
     0 | D:1      | Descartes the Deep Elf Wanderer began the quest for the
                  | Orb.
     0 | D:1      | Descartes set off with the following items: a +0
                  | quarterstaff, a +0 robe; and the following spells available
                  | to memorise: Sting, Freeze, Poisonous Vapours, Mephitic
                  | Cloud, Frozen Ramparts, Olgreb's Toxic Radiance
     0 | D:1      | Reached XP level 1. HP: 12/12 MP: 7/7
     2 | D:1      | Learned a level 1 spell: Sting
     4 | D:1      | Learned a level 1 spell: Freeze
   301 | D:1      | Reached XP level 2. HP: 14/16 MP: 4/9
   399 | D:1      | Reached skill level 1 in Ice Magic
  1138 | D:1      | Reached XP level 3. HP: 13/20 MP: 6/11
  1328 | D:1      | Reached skill level 5 in Spellcasting
  1495 | D:1      | Found a faded altar of an unknown god.
  2415 | D:2      | Slain by a worm

Illustrated notes

Levels and vault maps discovered:
D:1:      shiori_shiawase, layout_basic, chequers_ecumenical_altar_simple_redux
D:2:      layout_basic, basic_altar, hangedman_decor_growths

Skill      XL: |  1  2  3 |
---------------+----------+-----
Ice Magic      | 1 2 |  2.1
Spellcasting   | 5 |  5.0
Poison Magic   | 3 |  3.2
Fighting       | |  1.0
Staves         | |  2.0
Throwing       | |  1.0
Evocations     | |  1.1

Action                   || total
-------------------------++-------
Melee: Quarterstaff      ||     1
 Cast: Sting             ||    46
       Freeze            ||    52
Armor: Robe              ||     9
Dodge: Dodged            ||    34
